 Dungeon Crawl Stone Soup version 0.29.1-1-gd02db6906a (webtiles) character file.

Game seed: 6024930084298135103

1502 CougarLife the Grappler (level 8, -5/75 HPs)
             Began as a Troll Fighter on Sept 26, 2022.
             Killed from afar by an orc wizard (9 damage)
             ... with a puff of flame
             ... on level 5 of the Dungeon.
             The game lasted 00:03:42 (3091 turns).

CougarLife the Grappler (Troll Fighter)             Turns: 3091, Time: 00:03:43

Health: -5/75      AC:  9    Str: 25    XL:     8   Next: 52%
Magic:  7/7        EV:  8    Int:  6    God:
Gold:   196        SH:  7    Dex:  9    Spells: 7/7 levels left

rFire   . . .      SeeInvis .     - Unarmed
rCold   . . .      Faith    .   b - +0 kite shield
rNeg    . . .      Spirit   .   a - +0 robe
rPois   .          Reflect  .   (helmet restricted)
rElec   .          Harm     .   m - +0 cloak
rCorr   .          Rampage  .   (gloves unavailable)
Will    .....                   (boots unavailable)
Stlth   +.........              (no amulet)
HPRegen 1.02/turn               f - +4 ring of protection
MPRegen 0.10/turn               (no ring)

@: no status effects
A: large, unfitting armour, claws 3, regeneration 1, shaggy fur 1, tough skin 1
a: no special abilities


You were on level 5 of the Dungeon.
You visited 1 branch of the dungeon, and saw 5 of its levels.

You collected 196 gold pieces.

Inventory:

Missiles
 p - 2 silver javelins (quivered)
Armour
 a - a +0 robe (worn)
 b - a +0 kite shield (worn)
 m - a +0 cloak (worn)
Jewellery
 f - a +4 ring of protection (left claw)
 i - a ring of magical power
 B - a ring of poison resistance
Wands
 A - a wand of flame (18)
Scrolls
 d - 5 scrolls of immolation {unknown}
 e - 4 scrolls of identify {unknown}
 g - a scroll of silence {unknown}
 k - a scroll of poison {unknown}
 n - 3 scrolls of enchant armour {unknown}
 q - a scroll of fear {unknown}
 r - a scroll of teleportation {unknown}
 u - a scroll of enchant weapon {unknown}
 w - a scroll of noise {unknown}
 y - a scroll of magic mapping {unknown}
Potions
 c - a potion of might
 h - a potion of haste {unknown}
 j - a potion of lignification {unknown}
 l - 2 potions of ambrosia {unknown}
 o - 6 potions of curing {unknown}
 s - 5 potions of attraction {unknown}
 t - 2 potions of degeneration {unknown}
 v - a potion of flight {unknown}
 x - a potion of resistance {unknown}
 z - a potion of brilliance {unknown}


   Skills:
 + Level 3.1 Fighting
 - Level 2.4 Dodging
 - Level 2.6 Shields
 * Level 10.6 Unarmed Combat


You had 7 spell levels left.
You didn't know any spells.
Your spell library contained the following spells:

 Spells                   Type           Power      Damage    Failure   Level
 Ensorcelled Hibernation  Hex/Ice        0%         N/A       88%         2
 Spider Form              Tmut/Pois      0%         N/A       98%         3
 Anguish                  Hex/Necr       0%         N/A       100%        4


Dungeon Overview and Level Annotations

Branches:
Dungeon (5/15)
 Temple: D:4-7

Altars:
Ashenzari
Dithmenos


Innate Abilities, Weirdness & Mutations

You are too large for most types of armour.
You have claws for hands.
Your natural rate of healing is unusually fast.
You are covered in fur. (AC +1)
You have tough skin. (AC +1)


Message History

The orc warrior is lightly wounded.
The orc warrior hits you with a +0 flail!
You barely miss the orc warrior.
The orc warrior is lightly wounded.
The orc warrior hits you with a +0 flail!
You scratch the orc warrior but do no damage.
The orc warrior is lightly wounded.
The orc warrior hits you with a +0 flail!
You claw the orc warrior!
The orc warrior is severely wounded.
The orc warrior hits you with a +0 flail.
You scratch the orc warrior but do no damage.
The orc warrior is severely wounded.
The orc warrior hits you with a +0 flail!
* * * LOW HITPOINT WARNING * * *
The orc warrior attacks as you move away!
You block the orc warrior's attack.
The orc suddenly grunts.
You closely miss the orc warrior.
The orc warrior is severely wounded.
The orc warrior hits you with a +0 flail!
* * * LOW HITPOINT WARNING * * *
You claw the orc warrior!
The orc warrior is almost dead.
You scratch the orc warrior but do no damage.
The orc warrior is almost dead.
The orc warrior hits you with a +0 flail!
* * * LOW HITPOINT WARNING * * *
You claw the orc warrior!
You kill the orc warrior!
Your Fighting skill increases to level 3!
You claw the orc!
You kill the orc!
Found a stone staircase leading down.
A magic dart appears from out of thin air!
The magic dart hits you!
* * * LOW HITPOINT WARNING * * *
A puff of flame appears from out of thin air!
The puff of flame hits you!
You die...

.####......#..###.# ####
(.#####...###....###)8.#...
....(...#..#..##.o'ooo.'...
..####..##...###o###.8.#...
.## #..###..# #{# #### .#
#..# #..# #)#
.#####..###..# #.#
.<...........# #.#
.####...####.# #@#
#####...# ##.# #.#
##......# #..# #.#
##.##..## #.## #.# .......#
#.# #.# ##.##..# #.# ...
##.##..# #.# ..> .......##
#.# ... ##.##...###.#


You could see 2 orcs.

Vanquished Creatures
  Edmund (D:4)
  Menkaure (D:4)
  A water moccasin (D:5)
  2 black bears
  An orc warrior (D:5)
  An ogre (D:5)
  2 phantoms
  3 scorpions (D:5)
  An orc priest (D:4)
  4 hounds
  3 iguanas
  2 orc wizards
  3 gnolls (D:3)
  10 adders
  A dart slug (D:3)
  10 orcs
  7 endoplasms
  4 giant cockroaches
  15 goblins
  6 hobgoblins
  4 quokkas
  5 ball pythons
  3 bats
  3 frilled lizards
  4 kobolds
  5 rats
102 creatures vanquished.

Notes
Turn   | Place    | Note
-------+----------+-------------------------------------------
     0 | D:1      | CougarLife the Troll Fighter began the quest for the Orb.
     0 | D:1      | Reached XP level 1. HP: 22/22 MP: 0/0
   103 | D:1      | Found a faded altar of an unknown god.
   159 | D:1      | Reached XP level 2. HP: 29/29 MP: 1/1
   197 | D:1      | Reached skill level 3 in Unarmed Combat
   817 | D:2      | Reached XP level 3. HP: 36/36 MP: 2/2
  1301 | D:2      | Reached skill level 4 in Unarmed Combat
  1662 | D:3      | Reached XP level 4. HP: 44/44 MP: 3/3
  1829 | D:3      | Found a broken altar of Ashenzari.
  1853 | D:3      | Noticed a black bear
  1863 | D:3      | Killed a black bear
  1864 | D:3      | Reached skill level 5 in Unarmed Combat
  1864 | D:3      | Reached XP level 5. HP: 42/50 MP: 4/4
  2128 | D:4      | Reached skill level 6 in Unarmed Combat
  2138 | D:4      | Identified the +4 sling "Toudafa" {vorpal, rF- Will++}
  2168 | D:4      | Noticed a phantom
  2177 | D:4      | Noticed a black bear
  2182 | D:4      | Killed a phantom
  2183 | D:4      | Reached XP level 6. HP: 53/59 MP: 5/5
  2188 | D:4      | Reached skill level 7 in Unarmed Combat
  2326 | D:4      | Noticed Edmund
  2333 | D:4      | Killed Edmund
  2334 | D:4      | Reached XP level 7. HP: 63/66 MP: 6/6
  2376 | D:4      | Reached skill level 8 in Unarmed Combat
  2680 | D:4      | Noticed Menkaure
  2689 | D:4      | Killed Menkaure
  2730 | D:5      | Entered Level 5 of the Dungeon
  2734 | D:5      | Reached skill level 9 in Unarmed Combat
  2766 | D:5      | Found a shadowy altar of Dithmenos.
  2785 | D:5      | Reached XP level 8. HP: 39/74 MP: 7/7
  2873 | D:5      | Reached skill level 10 in Unarmed Combat
  3090 | D:5      | HP: 3/75 [something/magic dart (8)]
  3091 | D:5      | Killed from afar by an orc wizard

Illustrated notes

Levels and vault maps discovered:
D:1:      lemuel_arrival_tunnels, layout_loops_ring,
          dreamdust_ecumenical_altar_grove, corner_web_ring
D:2:      layout_basic, serial_curves, eino_curves_03, eino_curves_04,
          eino_curves_03, eino_curves_04, st_stairs_13
D:3:      layout_loops_ring, lemuel_round_altar
D:4:      layout_cave_pools, serial_bayou_pond_d, kennysheep_generic_room_4,
          uniq_menkaure, uniq_edmund
D:5:      layout_loops_ring, lemuel_doored_altar,
          nicolae_tso_swordbearing_angel, temple_fountains,
          hangedman_decor_slide_cut, st_stairs_14, pf_guarded_unrand_delatra

Skill      XL: |  1  2  3  4  5  6  7  8 |
---------------+-------------------------+-----
Unarmed Combat | 3 4 5 6 7 9 10 | 10.6
Fighting       | 3 |  3.1
Dodging        | |  2.4
Shields        | |  2.6

Action                   |  1- 3 |  4- 6 |  7- 9 || total
-------------------------+-------+-------+-------++-------
Melee: Unarmed           |   122 |    85 |   129 ||   336
  Use: Potion            |       |     2 |       ||     2
Armor: Robe              |    54 |    40 |    58 ||   152
Dodge: Dodged            |    38 |    28 |    39 ||   105
Block: Kite shield       |    25 |    31 |    28 ||    84
